 Dungeon Crawl Stone Soup version 0.30-a0-883-g5ad918d77d (webtiles) character file.

Game seed: 10013578771442102144

1356 howech the Sneak (level 8, -3/46 HPs)
             Began as an Octopode Enchanter on Mar 15, 2023.
             Slain by a sky beast (6 damage)
             ... on level 7 of the Dungeon.
             The game lasted 00:21:04 (6141 turns).

howech the Sneak (Octopode Enchanter)               Turns: 6141, Time: 00:21:04

Health: -3/46      AC:  1    Str:  7    XL:     8   Next: 64%
Magic:  12/14      EV: 14    Int: 20    God:
Gold:   387        SH:  6    Dex: 12    Spells: 8/16 levels left

rFire   . . .      SeeInvis .    a - +2 dagger
rCold   + . .      Faith    .    m - +3 warlock's mirror {omnireflect}
rNeg    . . .      Spirit   .    (helmet restricted)
rPois   .          Reflect  +    (no amulet)
rElec   .          Rampage  .    o - ring of willpower
rCorr   .                        j - ring of protection from cold
Will    +....                    t - ring of flight
Stlth   +++++                    (no ring)
HPRegen 0.27/turn                (no ring)
MPRegen 0.14/turn                (no ring)
                                 (no ring)
                                 (no ring)

@: flying, very slightly contaminated
A: almost no armour, amphibious, 8 rings, camouflage 1, gelatinous body 1,
(nimble swimmer 1), tentacles
a: no special abilities


You were on level 7 of the Dungeon.
You visited 1 branch of the dungeon, and saw 7 of its levels.

You collected 387 gold pieces.

Inventory:

Hand Weapons
 a - a +2 dagger (weapon)
 g - a +0 dagger of pain
 p - a +1 short sword of electrocution
Missiles
 e - 12 poisoned darts (quivered)
Armour
 m - the +3 warlock's mirror (worn) {omnireflect}
   (You found it on level 2 of the Dungeon)

   Omnireflect: It can block and reflect piercing ranged attacks and magical
   attacks against the wielder's willpower.
Jewellery
 c - a ring of resist corrosion
 j - a ring of protection from cold (right tentacle)
 o - a ring of willpower (left tentacle)
 t - a ring of flight (on tentacle)
Wands
 k - a wand of roots (21)
 n - a wand of polymorph (2)
Scrolls
 d - a scroll of magic mapping
 h - 3 scrolls of blinking
 i - a scroll of amnesia
 v - a scroll of enchant weapon
 w - 2 scrolls of teleportation
Potions
 b - 2 potions of invisibility
 f - 2 potions of might
 l - a potion of resistance
 q - 2 potions of curing
 r - a potion of haste
 s - a potion of heal wounds {unknown}
 u - a potion of brilliance {unknown}
 z - a potion of attraction {unknown}


   Skills:
 + Level 4.6 Short Blades
 + Level 4.9 Dodging
 + Level 7.6 Stealth
 + Level 4.6 Spellcasting
 + Level 5.4 Hexes


You had 8 spell levels left.
You knew the following spells:

 Your Spells              Type           Power      Damage    Failure   Level
a - Ensorcelled Hibernat  Hex/Ice        30%        N/A       9%          2
b - Shock                 Conj/Air       16%        1d4       17%         1
c - Blink                 Tloc           8%         N/A       26%         2
d - Dazzling Flash        Conj/Hex       30%        N/A       16%         3

Your spell library contained the following spells:

 Spells                   Type           Power      Damage    Failure   Level
 Confusing Touch          Hex            26%        N/A       5%          3
 Tukima's Dance           Hex            26%        N/A       5%          3
 Lesser Beckoning         Tloc           8%         N/A       26%         2
 Momentum Strike          Conj/Tloc      8%         3d8       26%         2
 Swiftness                Air            4%         N/A       45%         3
 Airstrike                Air            2%         2d(1-17)  86%         4


Dungeon Overview and Level Annotations

Branches:
Dungeon (7/15)             Temple (0/1) D:5

Altars:
Elyvilon
Gozag
Hepliaklqana
Nemelex Xobeh
Okawaru
Vehumet

Shops:
D:5 *


Innate Abilities, Weirdness & Mutations

You cannot wear most types of armour.
You are amphibious.
You can wear up to eight rings at the same time.
Your skin changes colour to match your surroundings (Stealth+).
Your rubbery body absorbs attacks. (AC +1, EV +1)
((You are camouflaged when in or above water. (Stealth+)))
You have tentacles for arms and can constrict up to eight enemies at once.


Message History

You hit something. Something barely misses you.
You barely miss something. You squeeze something. You block something's attack.
You hit something but do no damage. You barely miss something.
Something barely misses you.
You hit something. Something completely misses you.
You hit something. Something hits you but does no damage.
You hit something but do no damage. Your squeeze misses something.
Something hits you. Something shocks you.
You barely miss something. Something barely misses you.
You closely miss something. You hit something. Your squeeze misses something.
Something hits you. Something shocks you.
You barely miss something. Your squeeze misses something. Something hits you.
Something shocks you.
You miss something. Something barely misses you.
You hit something. Something hits you. Something shocks you.
* * * LOW HITPOINT WARNING * * *
You feel better. You block something's attack.
You barely miss something. You hit something. Something hits you.
Something shocks you.
* * * LOW HITPOINT WARNING * * *
Casting: Ensorcelled Hibernation (safe; 9% risk of failure)
Confirm with . or Enter, or press ? or * to list all spells.
You can't see any susceptible monsters within range! (Use Z to cast anyway.)
You closely miss something. Something hits you.
* * * LOW HITPOINT WARNING * * *
Something shocks you.
* * * LOW HITPOINT WARNING * * *
Casting: Ensorcelled Hibernation (safe; 9% risk of failure)
Confirm with . or Enter, or press ? or * to list all spells.
Aiming: Ensorcelled Hibernation (safe; 9% risk of failure)
Press: ? - help, Shift-Dir - straight line You miscast Ensorcelled Hibernation.
You are very lightly contaminated with residual magic.
Nothing appears to happen.
A sky beast appears from thin air!
Reactivating autopickup.
The sky beast hits you.
* * * LOW HITPOINT WARNING * * *
The sky beast shocks you.
You die...

..........<)
#.......#
#.......#
#...$...#
#.......#
#.......#
#.......#
#######.#'##
#....@Y.#.#
#.#######.#
##.#######
#.)......# #.
#........#
#.###........#
#............#
#..##........#.#
#..##..........#


You could see a sky beast.

Vanquished Creatures
  Sigmund (D:2)
  An ice beast (D:6)
  A sky beast (D:5)
  An ogre (D:5)
  3 phantoms
  2 bullfrogs (D:6)
  2 hounds (D:5)
  An orc priest (D:6)
  2 jellies
  A gnoll bouda (D:6)
  2 sleepcaps
  2 iguanas
  An orc wizard (D:5)
  7 gnolls
  7 adders
  A shadow imp (D:5)
  A white imp (D:5)
  2 ufetubi
  3 worms
  A dart slug (D:4)
  13 orcs
  3 ball pythons
  6 bats
  4 endoplasms
  5 giant cockroaches
  7 goblins
  10 hobgoblins
  5 jackals
  6 quokkas
  2 frilled lizards
  5 kobolds
  6 rats
114 creatures vanquished.

Vanquished Creatures (others)
  6 plants (D:6)
6 creatures vanquished.

Grand Total: 120 creatures vanquished

Notes
Turn   | Place    | Note
-------+----------+-------------------------------------------
     0 | D:1      | howech the Octopode Enchanter began the quest for the Orb.
     0 | D:1      | Reached XP level 1. HP: 11/11 MP: 3/3
   258 | D:1      | Reached XP level 2. HP: 17/17 MP: 5/5
   299 | D:1      | Learned a level 2 spell: Ensorcelled Hibernation
   677 | D:1      | Reached XP level 3. HP: 21/21 MP: 6/6
  1184 | D:2      | Noticed Sigmund
  1198 | D:2      | Killed Sigmund
  1199 | D:2      | Reached skill level 5 in Stealth
  1199 | D:2      | Reached XP level 4. HP: 15/27 MP: 2/8
  1199 | D:2      | Reached XP level 5. HP: 17/31 MP: 2/9
  1390 | D:2      | Found the +3 warlock's mirror {omnireflect}
  1969 | D:3      | Reached XP level 6. HP: 36/36 MP: 5/10
  2036 | D:3      | Found a faded altar of an unknown god.
  2339 | D:3      | Found an iron altar of Okawaru.
  2724 | D:4      | Found a sparkling altar of Nemelex Xobeh.
  3446 | D:5      | Entered Level 5 of the Dungeon
  3457 | D:5      | Noticed a sky beast
  3463 | D:5      | Killed a sky beast
  3464 | D:5      | Reached skill level 6 in Stealth
  3464 | D:5      | Reached XP level 7. HP: 41/41 MP: 8/12
  3512 | D:5      | Found a staircase to the Ecumenical Temple.
  3531 | D:5      | Found Gozag's Platinum Reserve.
  3534 | D:5      | Found an opulent altar of Gozag.
  4355 | D:5      | Reached XP level 8. HP: 6/46 MP: 8/14
  4600 | D:5      | Found a radiant altar of Vehumet.
  4661 | D:5      | Reached skill level 7 in Stealth
  4661 | D:5      | Reached skill level 5 in Hexes
  5118 | D:5      | Learned a level 1 spell: Shock
  5121 | D:5      | Learned a level 2 spell: Blink
  5125 | D:5      | Learned a level 3 spell: Dazzling Flash
  5490 | D:6      | Found a hazy altar of Hepliaklqana.
  5870 | D:6      | Found a white marble altar of Elyvilon.
  6141 | D:7      | Slain by a sky beast

Illustrated notes

Levels and vault maps discovered:
D:1:      dpeg_arrival_pits, layout_basic
D:2:      layout_rooms, uniq_sigmund
D:3:      layout_basic, mainiacjoe_overflow_concentric_impassable,
          basic_ecumenical_altar, amethyst_killhole, minmay_misc_feat_pillars
D:4:      layout_loops_ring, mainiacjoe_overflow_cross_hatched,
          mrwooster_statue_mirror, nicolae_underground_beach
D:5:      layout_basic, nicolae_overflow_crystal_walls,
          nicolae_gozag_zags_fifth_avenue, minmay_temple_entry_grid,
          gup_sewer_entry_spiral
D:6:      layout_loops_cross, nicolae_elyvilon_temple_path,
          worldfamousw_hep_ancestral_shrine
D:7:      layout_basic, serial_shops, shop, uniq_crazy_yiuf_cottage

Skill      XL: |  1  2  3  4  5  6  7  8 |
---------------+-------------------------+-----
Short Blades   | 2 3 4 |  4.6
Dodging        | 3 4 |  4.9
Stealth        | 5 6 7 |  7.6
Spellcasting   | 3 4 |  4.6
Hexes          | 4 5 |  5.4

Action                     |  1- 3 |  4- 6 |  7- 9 || total
---------------------------+-------+-------+-------++-------
  Melee: Dagger            |    48 |    84 |   134 ||   266
         Constrict         |     8 |    14 |    19 ||    41
         Tentacles         |     8 |    16 |    25 ||    49
         Punch             |       |     1 |     3 ||     4
   Cast: Ensorcelled Hiber |     9 |     5 |    18 ||    32
    Use: Scroll            |     1 |    12 |     4 ||    17
         Potion            |       |       |     1 ||     1
   Stab: Sleeping          |    16 |    14 |    25 ||    55
         Distracted        |       |     2 |     1 ||     3
 Armour: Skin              |     2 |     4 |     5 ||    11
  Dodge: Dodged            |    23 |    36 |    55 ||   114
  Block: Buckler           |       |    16 |    29 ||    45

Table legend: (Time is in decaauts)
 A = Elapsed time spent in this place.
 B = Non-inter-level travel time spent in this place.
 C = Inter-level travel time spent in this place.
 D = Time resting spent in this place.
 E = Time spent auto-exploring this place.
 F = Levels seen in this place.
 G = Mean time per level.
                   A        B        C        D        E       F      G
               +--------+--------+--------+--------+--------+-----+--------+
         Total |   6109 |   5931 |    178 |   1036 |   3746 |   7 |  872.7 |
       Dungeon |   6109 |   5931 |    178 |   1036 |   3746 |   7 |  872.7 |
               +--------+--------+--------+--------+--------+-----+--------+

Top non-repeatable levels by time:
     D:5: 1488 daAuts
     D:1: 1127 daAuts
     D:4: 1068 daAuts
     D:6: 946 daAuts
     D:2: 722 daAuts
     D:3: 696 daAuts
     D:7: 60 daAuts
